Map: King Sejong Station LE

Players

llllllllllll - Winner!

  • Race: Protoss Protoss
  • League: Grandmaster

IIIIIIIIIIII

  • Race: Protoss Protoss
  • League: Master

VOD

Have the link to the VOD?

Description

Time

  • Played on: Aug. 8, 2016, 9:11 a.m.
  • Length: 7:13
Show
View Real Time Build Order
Export as new Build Order

llllllllllll Protoss - Winner!

Build Orders:  

Get SALT Encoding   

  12  0:00  Probe (Chrono Boost)  
  13  0:11  Probe (Chrono Boost)  
  14  0:19  Pylon  
  14  0:22  Probe (Chrono Boost)  
  15  0:37  Probe (Chrono Boost)  
  15  0:41  Gateway  
  16  0:44  Assimilator  
  16  0:48  Probe (Chrono Boost)  
  17  0:51  Assimilator  
  17  0:58  Probe (Chrono Boost)  
  18  1:06  Gateway  
  18  1:09  Probe (Chrono Boost)  
  19  1:20  Probe (Chrono Boost)  
  20  1:28  Cybernetics Core  
  20  1:30  Probe (Chrono Boost)  
  21  1:34  Pylon  
  21  1:41  Probe (Chrono Boost)  
  22  1:51  Probe (Chrono Boost)  
  23  1:55  Warp Gate  
  23  2:04  Adept  
  23  2:05  Adept  
  29  2:10  Mothership Core (Chrono Boost)  
  29  2:13  Pylon  
  29  2:32  Stalker x2  
  33  3:00  Nexus  
  33  3:01  Pylon  
  34  3:17  Robotics Facility  
  31  3:21  Probe (Chrono Boost)  
  31  3:23  Sentry  
  31  3:26  Sentry  
  36  3:32  Probe (Chrono Boost)  
  35  3:42  Probe (Chrono Boost)  
  36  3:48  Twilight Council  
  36  3:53  Probe (Chrono Boost)  
  37  4:00  Stalker  
  37  4:02  Pylon  
  39  4:05  Stalker  
  39  4:08  Probe (Chrono Boost)  
  42  4:19  Probe x2 (Chrono Boost)  
  42  4:21  Observer  
  45  4:26  Resonating Glaives  
  45  4:31  Probe x2 (Chrono Boost)  
  47  4:39  Assimilator  
  47  4:41  Probe x2 (Chrono Boost)  
  49  4:50  Adept x2  
  49  4:52  Probe x2 (Chrono Boost)  
  55  5:03  Probe x2 (Chrono Boost)  
  57  5:09  Gateway x2  
  57  5:11  Gateway  
  57  5:21  Gateway  
  57  5:22  Warp Prism  
  59  5:29  Adept  
  59  5:32  Pylon  
  61  5:40  Pylon  
  61  5:43  Pylon  
  61  5:51  Pylon  
  61  5:53  Adept x2  
  65  6:00  Probe x2 (Chrono Boost)  
  67  6:10  Adept x3  
  74  6:12  Probe (Chrono Boost)  
  74  6:14  Probe (Chrono Boost)  
  75  6:24  Probe (Chrono Boost)  
  74  6:30  Adept x6  
  86  6:34  Pylon  
  86  6:36  Pylon, Probe x2 (Chrono Boost)  
  71  6:54  Adept x3  
  71  6:55  Adept  
  71  6:57  Probe x2 (Chrono Boost)  
  77  7:03  Adept x2  
Show
View Real Time Build Order
Export as new Build Order

IIIIIIIIIIII Protoss 

Build Orders:  

Get SALT Encoding   

  12  0:01  Probe (Chrono Boost)  
  13  0:11  Probe (Chrono Boost)  
  14  0:17  Pylon  
  14  0:22  Probe (Chrono Boost)  
  15  0:35  Probe (Chrono Boost)  
  16  0:37  Gateway  
  16  0:43  Assimilator  
  16  0:46  Probe (Chrono Boost)  
  17  0:51  Assimilator  
  17  0:56  Probe (Chrono Boost)  
  18  1:07  Probe (Chrono Boost)  
  18  1:08  Gateway  
  19  1:17  Probe (Chrono Boost)  
  20  1:27  Cybernetics Core  
  20  1:30  Probe (Chrono Boost)  
  20  1:32  Pylon  
  21  1:40  Probe (Chrono Boost)  
  22  1:50  Warp Gate  
  22  1:51  Probe (Chrono Boost)  
  23  2:03  Adept  
  23  2:04  Adept  
  23  2:08  Mothership Core (Chrono Boost)  
  29  2:10  Pylon  
  30  2:31  Adept x2, Probe (Chrono Boost)  
  34  2:46  Probe (Chrono Boost)  
  34  2:48  Pylon  
  35  3:00  Nexus  
  35  3:08  Sentry x2  
  39  3:22  Probe (Chrono Boost)  
  40  3:34  Probe (Chrono Boost)  
  40  3:36  Robotics Facility  
  40  3:41  Twilight Council  
  40  3:45  Probe (Chrono Boost)  
  40  3:47  Pylon  
  41  3:55  Probe (Chrono Boost)  
  42  4:06  Probe (Chrono Boost)  
  42  4:07  Blink  
  42  4:18  Probe (Chrono Boost)  
  42  4:19  Probe (Chrono Boost)  
  42  4:23  Warp Prism  
  43  4:30  Probe x2 (Chrono Boost)  
  47  4:40  Probe (Chrono Boost)  
  47  4:42  Probe (Chrono Boost)  
  49  4:51  Probe (Chrono Boost)  
  46  4:57  Observer, Probe (Chrono Boost)  
  46  4:59  Adept x2  
  51  5:05  Forge  
  53  5:07  Gateway  
  53  5:10  Assimilator  
  53  5:11  Pylon  
  53  5:12  Probe (Chrono Boost)  
  54  5:18  Pylon  
  54  5:19  Immortal  
  56  5:30  Probe x2 (Chrono Boost)  
  57  5:38  Gateway  
  57  5:42  Probe (Chrono Boost)  
  59  5:43  Probe (Chrono Boost)  
  59  5:48  Sentry  
  61  5:51  Stalker  
  65  5:57  Immortal  
  65  5:58  Probe x2 (Chrono Boost)  
  69  6:06  Adept  
  71  6:12  Adept  
  73  6:22  Probe x2 (Chrono Boost)  
  75  6:26  Stalker x2  
  79  6:34  Probe (Chrono Boost)  
  79  6:36  Probe (Chrono Boost)  
  77  6:51  Adept x2  
  66  6:58  Probe x2 (Chrono Boost)  
  66  7:01  Photon Cannon  
  57  7:03  Photon Cannon  
  57  7:05  Adept  
Tags
 
Add a new tag
Caveats
  • Supply blocks, unpowered buildings, or Contaminate may cause inaccurate times.
  • Supply counts are checked every 10 seconds.